 Dungeon Crawl Stone Soup version 0.22.1-1-ga44c0e5 (webtiles) character file.

93 KArcana the Covered (level 4, -7/40 HPs)
             Began as a Minotaur Fighter on Sept 25, 2018.
             Mangled by an ogre
             ... wielding a +0 giant club
              (25 damage)
             ... on level 3 of the Dungeon.
             The game lasted 00:08:04 (1803 turns).

KArcana the Covered (Minotaur Fighter)              Turns: 1803, Time: 00:08:05

Health: -7/40      AC:  8    Str: 22    XL:     4   Next: 37%
Magic:  3/3        EV:  7    Int:  5    God:
Gold:   105        SH:  9    Dex:  9    Spells: 3/3 levels left

rFire    . . .     SeeInvis .   a - +0 long sword
rCold    . . .     Gourm    .   c - +0 shield
rNeg     . . .     Faith    .   b - +0 scale mail
rPois    .         Spirit   .   (helmet restricted)
rElec    .         Reflect  .   (no cloak)
rCorr    .         Harm     .   (no gloves)
MR       +....                  q - +0 pair of boots
Stlth    ..........             (no amulet)
HPRegen  0.13/turn              n - +6 ring of slaying
MPRegen  0.08/turn              h - ring of protection from magic

@: no status effects
A: retaliatory headbutt, horns 2
a: no special abilities


You were on level 3 of the Dungeon.
You were not hungry.

You visited 1 branch of the dungeon, and saw 3 of its levels.

You collected 105 gold pieces.

Inventory:

Hand Weapons
 a - a +0 long sword (weapon)
 l - a +1 whip of freezing
 r - a +3 short sword of flaming
Missiles
 m - a throwing net (quivered)
Armour
 b - a +0 scale mail (worn)
 c - a +0 shield (worn)
 q - a +0 pair of boots (worn)
Jewellery
 h - a ring of protection from magic (right hand)
 n - a +6 ring of slaying (left hand)
Scrolls
 g - a scroll of teleportation
 o - a scroll of magic mapping
 p - 2 scrolls of amnesia
 s - 2 scrolls of identify
Potions
 d - 4 potions of might
 e - 3 potions of curing {unknown}
 j - a potion of agility {unknown}
 k - a potion of heal wounds {unknown}
Comestibles
 f - 5 rations


   Skills:
 + Level 4.0 Fighting
 + Level 3.6 Long Blades
 + Level 4.7 Armour
 + Level 0.2 Dodging
 + Level 4.3 Shields


You had 3 spell levels left.
You didn't know any spells.
Your spell library was empty.

Dungeon Overview and Level Annotations

Branches:
Dungeon (3/15)

Altars:


Innate Abilities, Weirdness & Mutations

You reflexively headbutt those who attack you in melee.
You have a pair of horns on your head.


Message History

You see here a bat corpse.
You see here a bat corpse.
There is a stone staircase leading up here.
Found 9 gold pieces.
Found a ruby potion.
You now have 105 gold pieces (gained 9).
As you read the scroll labeled ADIORAEP TOID, it crumbles to dust.
You assume a fearsome visage.
Nothing appears to happen.
It was a scroll of fear.
An ogre comes into view. It is wielding a giant club.
Found a ration.
You slash the ogre! You headbutt the ogre!
The ogre is almost dead.
The ogre hits you with a giant club!!
Ouch! That really hurt!
You closely miss the ogre. Your headbutt misses the ogre.
The ogre is almost dead.
The ogre hits you with a giant club!!
Ouch! That really hurt!
You die...

......
##....#.......
.....+.....%.
#....#.......
#....#....... #
#....#....... #.
#....#.......
#.##....#.!.....
#.......@O......
###......#######
#......#
#####......#
...........#
#####.......#
#...#.......#
#...#.......#
#...#.......#


You could see an ogre.

Vanquished Creatures
  A gnoll (D:1)
  3 adders (D:2)
  2 worms (D:2)
  2 dart slugs (D:2)
  A leopard gecko (D:1)
  4 bats
  2 giant cockroaches
  6 hobgoblins
  9 kobolds
  2 quokkas (D:2)
  4 frilled lizards (D:2)
  5 goblins
  5 rats
  A plant (D:1)
47 creatures vanquished.

Notes
Turn   | Place    | Note
-------+----------+-------------------------------------------
     0 | D:1      | KArcana the Minotaur Fighter began the quest for the Orb.
     0 | D:1      | Reached XP level 1. HP: 19/19 MP: 0/0
   446 | D:1      | Reached XP level 2. HP: 27/27 MP: 1/1
   913 | D:2      | Reached XP level 3. HP: 30/33 MP: 2/2
  1247 | D:2      | Reached XP level 4. HP: 36/40 MP: 3/3
  1797 | D:3      | Noticed an ogre
  1803 | D:3      | Mangled by an ogre

Skill      XL: |  1  2  3 |
---------------+----------+-----
Armour         | 4 |  4.7
Fighting       | 4 |  4.0
Shields        | 4 |  4.3
Long Blades    | 3 |  3.6
Dodging        | |  0.2

Action                   |  1- 3 |  4- 6 || total
-------------------------+-------+-------++-------
Melee: Long sword        |    98 |    17 ||   115
       Headbutt          |    20 |     3 ||    23
  Use: Scroll            |     9 |     1 ||    10
  Eat: Ration            |     1 |       ||     1
Armor: Scale mail        |    38 |     5 ||    43
Dodge: Dodged            |    35 |     3 ||    38
Block: Shield            |    38 |     7 ||    45
       Rpst.: Long sword |    11 |     1 ||    12
